 Dungeon Crawl Stone Soup version 0.30-a0-782-ge64f9170bb (webtiles) character file.

Game seed: 2525537125631221615

1965 mopl the Firebug (level 9, -8/57 HPs)
             Began as a Mummy Fire Elementalist on Mar 1, 2023.
             Mangled by a two-headed ogre
             ... wielding a +0 giant spiked club
              (19 damage)
             ... on level 7 of the Dungeon.
             The game lasted 00:11:16 (6876 turns).

mopl the Firebug (Mummy Fire Elementalist)          Turns: 6876, Time: 00:11:16

Health: -8/57      AC:  5    Str: 11    XL:     9   Next: 0%
Magic:  10/18      EV: 12    Int: 18    God:
Gold:   313        SH:  0    Dex: 13    Spells: 8/20 levels left

rFire   x . .      SeeInvis .    a - staff of conjuration
rCold   + . .      Faith    +    (no shield)
rNeg    + + +      Spirit   .    k - +0 robe
rPois   ∞          Reflect  .    (no helmet)
rElec   .          Harm     .    (no cloak)
rCorr   +          Rampage  .    n - +1 pair of gloves
Will    ++...                    d - +0 pair of boots
Stlth   ++                       r - amulet of regeneration
HPRegen 1.09/turn                t - ring of willpower
MPRegen 0.16/turn                w - ring of resist corrosion

@: studying Dodging
A: cold resistance 1, negative energy resistance 3, torment resistance 2, heat
vulnerability 1, in touch with death 1, no potions, faith
a: no special abilities


You were on level 7 of the Dungeon.
You visited 2 branches of the dungeon, and saw 8 of its levels.

You collected 313 gold pieces.

Inventory:

Hand Weapons
 b - a +1 dagger of electrocution
Missiles
 e - 17 poisoned darts
 g - 3 silver boomerangs
 q - 3 boomerangs
 x - 5 javelins
Armour
 d - a +0 pair of boots (worn)
 k - a +0 robe (worn)
 n - a +1 pair of gloves (worn)
Magical Staves
 a - a staff of conjuration (weapon)
 j - a staff of death
Jewellery
 r - an amulet of regeneration (around neck)
 t - a ring of willpower (left hand)
 w - a ring of resist corrosion (right hand)
 y - a ring of wizardry
Wands
 p - a wand of charming (4)
 v - a wand of flame (55)
Scrolls
 c - 3 scrolls of teleportation
 f - 3 scrolls of poison
 h - 5 scrolls of enchant weapon
 i - 3 scrolls of immolation
 l - 3 scrolls of fog
 m - 2 scrolls of vulnerability {unknown}
 o - 3 scrolls of amnesia {unknown}
 s - a scroll of noise {unknown}
 u - a scroll of blinking {unknown}


   Skills:
 - Level 1.5 Dodging
 - Level 1.5 Stealth
 + Level 6.2 Spellcasting
 * Level 5.6 Conjurations
 + Level 3.4 Translocations
 * Level 6.2 Fire Magic
 + Level 1.2 Evocations


You had 8 spell levels left.
You knew the following spells:

 Your Spells              Type           Power      Damage    Failure   Level
a - Iskenderun's Mystic   Conj/Tloc      32%        2d8       19%         4
b - Scorch                Fire           54%        2d8       1%          2
c - Foxfire               Conj/Fire      100%       2x1d9     1%          1
e - Blink                 Tloc           34%        N/A       4%          2
f - Kindle Blastsparks    Fire/Tloc/Air  34%        2d12      10%         3

Your spell library contained the following spells:

 Spells                   Type           Power      Damage    Failure   Level
 Momentum Strike          Conj/Tloc      64%        3d9       2%          2
 Lesser Beckoning         Tloc           34%        N/A       4%          2
 Inner Flame              Hex/Fire       16%        N/A       10%         3
 Dazzling Flash           Conj/Hex       46%        N/A       11%         3
 Flame Wave               Conj/Fire      40%        2d11      11%         4
 Starburst                Conj/Fire      20%        6d7       85%         6


Dungeon Overview and Level Annotations

Branches:
Dungeon (7/15)             Temple (1/1) D:6

Altars:
Ashenzari
Dithmenos
Fedhas
Gozag
Hepliaklqana
Kikubaaqudgha
Nemelex Xobeh
Okawaru
Ru
Sif Muna
Trog
Uskayaw
Wu Jian
Xom
Yredelemnul

Annotations:
D:4 2 runed translucent doors, bmj180's ghost, amateur GrEE


Innate Abilities, Weirdness & Mutations

You are immune to poison.
Your flesh is cold resistant. (rC+)
You are immune to negative energy. (rN+++)
You are immune to unholy pain and torment.
You are vulnerable to heat. (rF-)
You are in touch with the powers of death.
You do not drink.
You have a special connection with the divine. (Faith)


Message History

Flames lash the shadow.
The shadow is lightly damaged.
The shadow's fire resistance burns away.
You hear a shout!
You hear two shouts!
You hear a shout!
A centaur comes into view.
You hear two shouts!
You hear a shout! x2; You hear a horrible gurgling sound!
Flames lash the centaur.
The centaur is lightly wounded.
The centaur's fire resistance burns away.
The centaur wields a +0 shortbow.
The centaur shoots an arrow.
The arrow hits you!
The shadow slips into darkness.
The shadow flickers and vanishes!
Deactivating autopickup; reactivate with Ctrl-A.
Flames lash something.
The centaur shoots an arrow.
The arrow hits you!
The shadow strikes at you from the darkness!
* * * LOW HITPOINT WARNING * * *
Reactivating autopickup.
The centaur shoots an arrow.
The arrow barely misses you.
You hear two shouts!
You hear a shout!
The shadow attacks as you move away! The shadow hits you.
* * * LOW HITPOINT WARNING * * *
You hear a shout!
You see here 16 gold pieces.
Casting: Scorch (safe; 1% risk of failure)
Confirm with . or Enter, or press ? or * to list all spells.
Flames lash the shadow.
The shadow is burned terribly!
You destroy the shadow!
You have reached level 9!
Your experience leads to an increase in your attributes!
Increase (S)trength, (I)ntelligence, or (D)exterity?
You feel clever. x2
A two-headed ogre comes into view.
It is wielding a +0 giant spiked club and a +0 giant club.
The centaur unwields a +0 shortbow.
The centaur hits you.
* * * LOW HITPOINT WARNING * * *
The centaur kicks you.
* * * LOW HITPOINT WARNING * * *
The two-headed ogre attacks as you move away!
The two-headed ogre hits you with a +0 giant spiked club!!
You die...

#..............#...
.#. #.................
... #......##......#
..# #.....####.....#
$..
#..............###.#
#....#.........#...
#.#..##.###....#.##
..##.............$#
..##......##...#@###.#
...##.######.#.#cO...#
.........###...###.###
..........#....# ...
...........##..# .8.#
.....#.......... _....
...............#
.8.#.# ...........#.
.:.#... .............
.### #.


You could see a two-headed ogre and a centaur.

Vanquished Creatures
  Grinder (D:3)
  A shadow (D:7)
  A steam dragon (D:7)
  An ice beast (D:7)
  2 black bears
  A phantom (D:5)
  A kobold brigand (D:5)
  A bullfrog (D:7)
  2 scorpions
  3 killer bees
  A howler monkey (D:5)
  3 orc priests
  2 jellies (D:5)
  5 iguanas
  Ijyb (D:3)
  5 orc wizards
  10 adders
  2 white imps
  3 ufetubi
  6 dart slugs
  22 orcs
  10 ball pythons
  2 bats
  6 endoplasms
  3 giant cockroaches
  6 goblins
  6 hobgoblins
  8 jackals (D:1)
  10 kobolds
  3 quokkas
  6 frilled lizards
  12 rats
146 creatures vanquished.

Vanquished Creatures (collateral kills)
  A killer bee (D:3)
1 creature vanquished.

Vanquished Creatures (others)
  21 foxfires
21 creatures vanquished.

Grand Total: 168 creatures vanquished

Notes
Turn   | Place    | Note
-------+----------+-------------------------------------------
     0 | D:1      | mopl the Mummy Fire Elementalist began the quest for the
                  | Orb.
     0 | D:1      | Reached XP level 1. HP: 13/13 MP: 4/4
    21 | D:1      | Reached skill level 1 in Conjurations
   119 | D:1      | Reached XP level 2. HP: 19/19 MP: 0/5
   170 | D:1      | Learned a level 2 spell: Scorch
   278 | D:1      | Reached skill level 3 in Spellcasting
   554 | D:1      | Gained mutation: You are in touch with the powers of death.
                  | [Mummy growth]
   554 | D:1      | Reached XP level 3. HP: 12/24 MP: 0/7
   690 | D:1      | Reached skill level 3 in Fire Magic
   812 | D:1      | Found a faded altar of an unknown god.
  1103 | D:1      | Learned a level 3 spell: Kindle Blastsparks
  1344 | D:2      | Reached skill level 2 in Conjurations
  1501 | D:2      | Reached XP level 4. HP: 23/30 MP: 1/9
  2272 | D:3      | Noticed Ijyb
  2290 | D:3      | Killed Ijyb
  2364 | D:3      | Reached XP level 5. HP: 35/35 MP: 3/10
  2886 | D:3      | Noticed Grinder
  2889 | D:3      | Paralysed by Grinder for 2 turns
  2891 | D:3      | Killed Grinder
  2892 | D:3      | Reached skill level 4 in Spellcasting
  2892 | D:3      | Reached skill level 3 in Conjurations
  2892 | D:3      | Reached skill level 1 in Translocations
  2892 | D:3      | Reached skill level 4 in Fire Magic
  2892 | D:3      | Reached XP level 6. HP: 33/41 MP: 2/12
  3056 | D:4      | Found a large runed translucent door.
  3057 | D:4      | Found a large runed translucent door.
  3059 | D:4      | Noticed bmj180's ghost (amateur GrEE)
  3570 | D:4      | Reached XP level 7. HP: 18/46 MP: 4/13
  3768 | D:4      | Learned a level 2 spell: Blink
  3821 | D:4      | Reached skill level 2 in Translocations
  4292 | D:5      | Entered Level 5 of the Dungeon
  4313 | D:5      | Reached skill level 4 in Conjurations
  4419 | D:5      | Learned a level 4 spell: Iskenderun's Mystic Blast
  4539 | D:5      | Reached skill level 5 in Spellcasting
  4803 | D:5      | Found a broken altar of Ashenzari.
  4835 | D:5      | Found an opulent altar of Gozag.
  4854 | D:5      | Reached skill level 5 in Fire Magic
  5079 | D:5      | Found an iron altar of Okawaru.
  5088 | D:5      | Reached XP level 8. HP: 38/52 MP: 4/15
  5759 | D:6      | Found a staircase to the Ecumenical Temple.
  5767 | Temple   | Entered the Ecumenical Temple
  6003 | D:6      | Reached skill level 5 in Conjurations
  6003 | D:6      | Reached skill level 3 in Translocations
  6615 | D:7      | Reached skill level 6 in Spellcasting
  6685 | D:7      | Found an ancient bone altar of Kikubaaqudgha.
  6744 | D:7      | Reached skill level 6 in Fire Magic
  6748 | D:7      | Reached skill level 1 in Evocations
  6868 | D:7      | Found an iron altar of Okawaru.
  6875 | D:7      | Reached XP level 9. HP: 15/57 MP: 9/18
  6875 | D:7      | Noticed a two-headed ogre
  6876 | D:7      | Mangled by a two-headed ogre

Illustrated notes

Levels and vault maps discovered:
D:1:      spicycebolla_arrival_risky_transporter, layout_basic,
          ebering_ecumenical_altar_petrified, nrook_mini_backslash,
          minmay_small_reverse_x
D:2:      layout_loops_corners, chequers_serial_rivers_micro_c
D:3:      layout_loops_ring, minmay_misc_feat_columns, uniq_grinder, uniq_ijyb
D:4:      layout_layer_cave, ebering_ghost_disaster_area, minmay_manual_moon
D:5:      layout_rooms, mainiacjoe_overflow_tiny_flanked,
          overflow_temple_1_default, mainiacjoe_overflow_cross_hatched,
          amcnicky_mini_corridor_feature, minmay_misc_feat_x,
          nicolae_fountain_basement
D:6:      layout_basic, minmay_temple_entry_wispy,
          nicolae_concentric_dashed_squares_wild
D:7:      minmay_the_grid_square_5x5_3x3 [minmay_the_grid_square_5x5_one_wall,
          minmay_the_grid_square_5x5_sharp_hourglass,
          minmay_the_grid_square_5x5_eight_small,
          minmay_the_grid_square_5x5_minibox,
          minmay_the_grid_square_5x5_megaprize_diamond,
          minmay_the_grid_square_5x5_n_small,
          minmay_the_grid_square_5x5_shrine1,
          minmay_the_grid_square_5x5_inner_i, minmay_the_grid_square_5x5_empty],
          layout_cave_pools, zin_academy, mainiacjoe_overflow_catwalk,
          serial_shops, nicolae_square_shop, gammafunk_ghost_smash,
          minmay_misc_feat_nine_boxes, uniq_crazy_yiuf_cottage
Temple:   compressed_dpeg_triangle_lava_temple

Skill      XL: |  1  2  3  4  5  6  7  8 |
---------------+-------------------------+-----
Conjurations   | 1 2 3 4 5 |  5.6
Spellcasting   | 3 4 5 6 |  6.2
Fire Magic     | 3 4 5 6 |  6.2
Translocations | 1 2 3 |  3.4
Evocations     | 1 |  1.2
Dodging        | |  1.5
Stealth        | |  1.5

Action                     |  1- 3 |  4- 6 |  7- 9 || total
---------------------------+-------+-------+-------++-------
  Melee: Unarmed           |    22 |       |       ||    22
         Short sword       |    60 |     2 |       ||    62
         Staff             |       |    11 |    27 ||    38
   Cast: Foxfire           |    12 |       |     3 ||    15
         Scorch            |    34 |    55 |   130 ||   219
  Evoke: Wand              |       |     1 |       ||     1
    Use: Scroll            |     4 |       |     1 ||     5
 Armour: Robe              |    26 |    22 |    21 ||    69
  Dodge: Dodged            |    59 |    46 |    57 ||   162

Table legend: (Time is in decaauts)
 A = Elapsed time spent in this place.
 B = Non-inter-level travel time spent in this place.
 C = Inter-level travel time spent in this place.
 D = Time resting spent in this place.
 E = Time spent auto-exploring this place.
 F = Levels seen in this place.
 G = Mean time per level.
                   A        B        C        D        E       F      G
               +--------+--------+--------+--------+--------+-----+--------+
         Total |   6889 |   6556 |    333 |   2029 |   3360 |   8 |  861.1 |
       Dungeon |   6681 |   6366 |    315 |   2029 |   3211 |   7 |  954.4 |
        Temple |    207 |    189 |     18 |      0 |    149 |   1 |  207.0 |
               +--------+--------+--------+--------+--------+-----+--------+

Top non-repeatable levels by time:
     D:1: 1234 daAuts
     D:4: 1189 daAuts
     D:3: 1162 daAuts
     D:5: 1026 daAuts
     D:2: 850 daAuts
     D:6: 837 daAuts
     D:7: 380 daAuts
  Temple: 207 daAuts
